 Dungeon Crawl Stone Soup version 0.19-a0-1937-g70ed36a (webtiles) character file.

336 Djon the Spear-Bearer (level 6, 0/44 HPs)
             Began as a Merfolk Gladiator on Oct 26, 2016.
             Slain by an orc warrior
             ... wielding a +0 scimitar
              (18 damage)
             ... on level 3 of the Dungeon.
             The game lasted 00:03:21 (2405 turns).

Djon the Spear-Bearer (Merfolk Gladiator)           Turns: 2405, Time: 00:03:22

Health: 0/44       AC:  8    Str: 15    XL:     6   Next: 54%
Magic:  6/6        EV: 11    Int:  7    God:
Gold:   146        SH:  7    Dex: 17    Spells: 0 memorised, 5 levels left

rFire  . . .     SeeInvis .     a - +0 trident
rCold  . . .     Gourm    +     e - +0 ring mail
rNeg   . . .     Faith    .     n - +0 shield
rPois  .         Spirit   .     c - +0 helmet
rElec  .         Reflect  .     q - +0 cloak
rCorr  .         Harm     .     (no gloves)
MR     .....                    m - +0 pair of boots
Stlth  +.........               v - amulet of the gourmand
                                (no ring)
                                (no ring)

@: no status effects
A: change form in water, swift swim, stealthy swim
a: no special abilities


You were on level 3 of the Dungeon.
You were not hungry.

You visited 1 branch of the dungeon, and saw 3 of its levels.

You collected 146 gold pieces.

Inventory:

Hand Weapons
 a - a +0 trident (weapon)
Missiles
 g - 2 throwing nets (quivered)
Armour
 c - a +0 helmet (worn)
 e - a +0 ring mail (worn)
 m - a +0 pair of boots (worn)
 n - a +0 shield (worn)
 q - a +0 cloak (worn)
Jewellery
 v - an amulet of the gourmand (around neck)
Scrolls
 b - a scroll of enchant armour {unknown}
 i - 2 scrolls of magic mapping {unknown}
 j - 2 scrolls of amnesia {unknown}
 k - 3 scrolls of immolation {unknown}
 l - a scroll of fog {unknown}
 p - a scroll of teleportation {unknown}
 r - a scroll of enchant weapon {unknown}
 s - 5 scrolls of identify {unknown}
Potions
 d - a potion of berserk rage {unknown}
 o - a potion of flight {unknown}
 t - a potion of might {unknown}
 w - a potion of heal wounds {unknown}
 x - a potion of agility
 z - a potion of mutation {unknown}
Comestibles
 f - a bread ration
 h - a meat ration
 u - a royal jelly


   Skills:
 - Level 2.1 Fighting
 * Level 8.8 Polearms
 - Level 2.0 Throwing
 + Level 6.2 Dodging


You had 5 spell levels left.
You didn't know any spells.

Dungeon Overview and Level Annotations

Branches:
Dungeon (3/15)

Altars:
Elyvilon
Fedhas
Makhleb
Yredelemnul


Message History

You closely miss the orc warrior.
The orc warrior is almost dead.
The hobgoblin barely misses you. The kobold hits you but does no damage.
The orc priest calls down the wrath of Beogh upon you.
Beogh smites you! You block the orc warrior's attack.
You hit the orc warrior but do no damage.
The orc warrior is almost dead.
You block the kobold's attack.
The hobgoblin hits you but does no damage.
You block the orc's attack.
You hit the orc warrior but do no damage.
The orc warrior is almost dead.
The orc warrior hits you with a scimitar.
The hobgoblin hits you but does no damage.
The orc closely misses you. The kobold hits you but does no damage.
The orc barely misses you.
You hit the orc warrior but do no damage.
The orc warrior is almost dead.
The orc warrior hits you with a scimitar!!
You die...

# #....#
#.).(.(.(...#
# #....#
#..######.###
# #....# #..#
#.# # #....#
#.^## #.# #
#..(.# #...#
#.# ######
#.#.# #.#
#.#..# #.#
####†##.##
#.#
#...@o...#
#..Koo...#
#...g.o..#
#.........#
#.......#.#
####'####..#
... .# ...


You could see an orc warrior, an orc priest, 2 orcs, a hobgoblin and a kobold.

Vanquished Creatures
  Sigmund (D:2)
  Crazy Yiuf (D:2)
  A hound (D:2)
  5 adders
  A worm (D:2)
  2 dart slugs
  2 leopard geckos (D:1)
  4 orcs (D:3)
  5 giant cockroaches
  7 goblins
  10 hobgoblins
  3 jackals (D:1)
  A quokka (D:2)
  8 bats
  3 frilled lizards
  4 kobolds
  5 rats
63 creatures vanquished.

Notes
Turn   | Place    | Note
-------+----------+-------------------------------------------
     0 | D:1      | Djon the Merfolk Gladiator began the quest for the Orb.
     0 | D:1      | Reached XP level 1. HP: 16/16 MP: 1/1
   116 | D:1      | Reached XP level 2. HP: 22/22 MP: 2/2
   333 | D:1      | Reached skill level 5 in Polearms
   446 | D:1      | Reached XP level 3. HP: 27/27 MP: 3/3
   958 | D:2      | Reached skill level 6 in Polearms
  1052 | D:2      | Found a basalt altar of Yredelemnul.
  1086 | D:2      | Noticed Sigmund
  1120 | D:2      | Killed Sigmund
  1120 | D:2      | Reached skill level 8 in Polearms
  1120 | D:2      | Reached skill level 5 in Dodging
  1120 | D:2      | Reached XP level 4. HP: 6/33 MP: 4/4
  1120 | D:2      | Reached XP level 5. HP: 7/38 MP: 5/5
  1409 | D:2      | Found a runed door.
  1413 | D:2      | Noticed Crazy Yiuf
  1420 | D:2      | Killed Crazy Yiuf
  1420 | D:2      | Reached XP level 6. HP: 38/44 MP: 6/6
  1676 | D:2      | Found a white marble altar of Elyvilon.
  2157 | D:3      | Found a burning altar of Makhleb.
  2303 | D:3      | Found a blossoming altar of Fedhas.
  2392 | D:3      | Noticed an orc warrior
  2405 | D:3      | Slain by an orc warrior

Vault maps used:
D:1:      ncdulo_wetmaze
D:2:      kennysheep_ying_yang, uniq_sigmund, uniq_crazy_yiuf_cottage
D:3:      fedhas_altar_4, lemuel_crystal_altar

Skill      XL: |  1  2  3  4  5  6 |
---------------+-------------------+-----
Polearms       | 5 8 |  8.8
Dodging        | 5 6 |  6.2
Fighting       | |  2.1
Throwing       | |  2.0

Action                   |  1- 3 |  4- 6 || total
-------------------------+-------+-------++-------
Melee: Trident           |   131 |   122 ||   253
Throw: Throwing net      |     3 |       ||     3
  Use: Potion            |     1 |       ||     1
  Eat: Chunk             |     1 |     5 ||     6
Armor: Ring mail         |    23 |    37 ||    60
Dodge: Dodged            |    63 |    46 ||   109
Block: Shield            |     4 |    50 ||    54
